 Dungeon Crawl Stone Soup version 0.28.0-55-gcd9437bce4 (webtiles) character file.

Game seed: 5496159993709327531

281 AarnesTheHuman the Shield-Bearer (level 6, -2/53 HPs)
             Began as a Gnoll Fighter on Jan 3, 2023.
             Engulfed by a cloud of flame (17 damage)
             ... on level 3 of the Dungeon.
             The game lasted 00:03:38 (3239 turns).

AarnesTheHuman the Shield-Bearer (Gnoll Fighter)    Turns: 3239, Time: 00:03:39

Health: -2/53      AC:  7    Str: 17    XL:     6   Next: 27%
Magic:  8/8        EV:  9    Int:  7    God:
Gold:   135        SH:  5    Dex: 12    Spells: 8/8 levels left

rFire   . . .      SeeInvis .   a - +0 whip (drain)
rCold   . . .      Faith    .   c - +0 buckler
rNeg    . . .      Spirit   .   k - +0 scale mail
rPois   .          Reflect  .   (no helmet)
rElec   .          Harm     .   (no cloak)
rCorr   .          Rampage  .   (no gloves)
Will    .....                   (no boots)
Stlth   ..........              (no amulet)
HPRegen 0.17/turn               (no ring)
MPRegen 0.11/turn               (no ring)

@: no status effects
A: fangs 1, strong nose, distributed training
a: no special abilities


You were on level 3 of the Dungeon.
You visited 1 branch of the dungeon, and saw 3 of its levels.

You collected 135 gold pieces.

Inventory:

Hand Weapons
 a - a +0 whip of draining (weapon)
 b - a +1 dagger of speed
 e - a +0 war axe
 n - a +1 vorpal war axe
Missiles
 f - 42 stones (quivered)
Armour
 c - a +0 buckler (worn)
 k - a +0 scale mail (worn)
Jewellery
 o - a +4 ring of protection
Scrolls
 g - a scroll of amnesia {unknown}
 h - 2 scrolls of holy word {unknown}
 i - a scroll of blinking {unknown}
 j - a scroll of identify {unknown}
 p - 2 scrolls of fog {unknown}
 q - a scroll of teleportation {unknown}
Potions
 d - a potion of might
 l - a potion of mutation {unknown}
 m - a potion of flight {unknown}


   Skills:
 + Level 6.8 Fighting
 + Level 1.9 Short Blades
 + Level 1.9 Long Blades
 + Level 4.9 Axes
 + Level 1.9 Maces & Flails
 + Level 1.9 Polearms
 + Level 1.9 Staves
 + Level 1.9 Slings
 + Level 1.9 Bows
 + Level 1.9 Crossbows
 + Level 1.9 Throwing
 + Level 6.8 Armour
 + Level 1.9 Dodging
 + Level 1.9 Stealth
 + Level 6.8 Shields
 + Level 1.9 Unarmed Combat
 + Level 1.9 Spellcasting
 + Level 1.5 Conjurations
 + Level 1.5 Hexes
 + Level 1.5 Summonings
 + Level 1.5 Necromancy
 + Level 1.5 Translocations
 + Level 1.5 Transmutations
 + Level 1.5 Fire Magic
 + Level 1.5 Ice Magic
 + Level 1.5 Air Magic
 + Level 1.5 Earth Magic
 + Level 1.5 Poison Magic
 + Level 2.1 Invocations
 + Level 1.9 Evocations


You had 8 spell levels left.
You didn't know any spells.
Your spell library contained the following spells:

 Spells                   Type           Power      Damage    Failure   Level
 Scorch                   Fire           4%         2d5       77%         2
 Call Canine Familiar     Summ           2%         N/A       94%         3
 Portal Projectile        Hex/Tloc       4%         N/A       94%         3
 Animate Armour           Summ/Erth      4%         N/A       100%        4
 Flame Wave               Conj/Fire      2%         2d4       100%        4
 Leda's Liquefaction      Hex/Erth       1%         N/A       100%        4
 Blade Hands              Tmut           1%         N/A       100%        5
 Iron Shot                Conj/Erth      1%         9d1       100%        6
 Summon Cactus Giant      Summ           1%         N/A       100%        6


Dungeon Overview and Level Annotations

Branches:
Dungeon (3/15)

Altars:
Dithmenos
Kikubaaqudgha

Shops:
D:1 (   D:2 !   D:3 =


Innate Abilities, Weirdness & Mutations

You have very sharp teeth.
Your uncanny sense of smell can sniff out nearby items.
Your experience applies equally to all skills.


Message History

The goblin unwields a +0 club.
The goblin wields a +0 hunting sling.
The goblin shoots a sling bullet.
The sling bullet hits you.
No reachable target in view!
The goblin shoots a sling bullet.
The sling bullet closely misses you.
You start resting.
A goblin is nearby!
The goblin unwields a +0 hunting sling.
The goblin wields a +0 club.
The goblin hits you but does no damage.
You miss the goblin. The goblin hits you with a +0 club.
You hit the goblin.
You kill the goblin!
No target in view!
You start resting.
HP restored.
Really walk into a travel-excluded area?
Items here: ( ))) [ ††.
Really walk into that cloud of flame?
You are engulfed in blazing flames.
You are engulfed in blazing flames.
q - a scroll labelled KASEC NAHAUWY You now have 128 gold pieces (gained 12).
You now have 135 gold pieces (gained 7).
You start resting.
HP restored.
Really walk into a travel-excluded area? [Y]es or [N]o only, please.
Really walk into a travel-excluded area?
You are engulfed in blazing flames.
You start resting.
HP restored.
You are engulfed in blazing flames.
You start resting.
HP restored.
Really walk into that cloud of flame?
Okay, then.
You are engulfed in blazing flames.
You are engulfed in blazing flames.
* * * LOW HITPOINT WARNING * * *
You are engulfed in blazing flames.
You die...

# # #.. .# #.## ###.# ...
#...# #.# ##.#.# ######.#
#...# .......# #@☼○#
.####..##### #§○○#
...........# #§§☼# #
######.###.#####...#####.#
# #.# #..§°§.....§§...# #
#.# #..○○°.....☼○...# #
#.# #.○☼○.....°§○.## # #.#
######...###### # #.#
#§§○#


There were no monsters in sight!

Vanquished Creatures
  2 orc priests
  Terence (D:3)
  3 orc wizards
  5 adders
  A worm (D:3)
  5 orcs
  2 ball pythons (D:1)
  4 bats
  3 endoplasms
  A giant cockroach (D:1)
  8 hobgoblins
  3 jackals (D:2)
  3 quokkas
  2 frilled lizards
  16 goblins
  5 kobolds
  7 rats (D:1)
71 creatures vanquished.

Vanquished Creatures (others)
  Robin (D:3)
  An orc (D:3)
2 creatures vanquished.

Grand Total: 73 creatures vanquished

Notes
Turn   | Place    | Note
-------+----------+-------------------------------------------
     0 | D:1      | AarnesTheHuman the Gnoll Fighter began the quest for the
                  | Orb.
     0 | D:1      | Reached XP level 1. HP: 23/23 MP: 1/1
   107 | D:1      | Reached XP level 2. HP: 29/29 MP: 2/2
   260 | D:1      | Found Yjodud's Weapon Boutique.
   728 | D:2      | Reached XP level 3. HP: 35/35 MP: 3/3
   759 | D:2      | Reached skill level 1 in Short Blades
   759 | D:2      | Reached skill level 1 in Long Blades
   759 | D:2      | Reached skill level 1 in Maces & Flails
   759 | D:2      | Reached skill level 1 in Polearms
   759 | D:2      | Reached skill level 1 in Staves
   759 | D:2      | Reached skill level 1 in Slings
   759 | D:2      | Reached skill level 1 in Bows
   759 | D:2      | Reached skill level 1 in Crossbows
   759 | D:2      | Reached skill level 1 in Throwing
   759 | D:2      | Reached skill level 1 in Dodging
   759 | D:2      | Reached skill level 1 in Stealth
   759 | D:2      | Reached skill level 1 in Unarmed Combat
   759 | D:2      | Reached skill level 1 in Spellcasting
   759 | D:2      | Reached skill level 1 in Invocations
   759 | D:2      | Reached skill level 1 in Evocations
   759 | D:2      | Reached XP level 4. HP: 41/41 MP: 3/5
   779 | D:2      | Reached skill level 1 in Conjurations
   779 | D:2      | Reached skill level 1 in Hexes
   779 | D:2      | Reached skill level 1 in Summonings
   779 | D:2      | Reached skill level 1 in Necromancy
   779 | D:2      | Reached skill level 1 in Translocations
   779 | D:2      | Reached skill level 1 in Transmutations
   779 | D:2      | Reached skill level 1 in Fire Magic
   779 | D:2      | Reached skill level 1 in Ice Magic
   779 | D:2      | Reached skill level 1 in Air Magic
   779 | D:2      | Reached skill level 1 in Earth Magic
   779 | D:2      | Reached skill level 1 in Poison Magic
  1322 | D:2      | Found Foohejuo's Distillery.
  1377 | D:2      | Reached XP level 5. HP: 43/47 MP: 6/6
  1803 | D:3      | Noticed Terence
  1804 | D:3      | Killed Robin
  1815 | D:3      | Killed Terence
  1901 | D:3      | Found a shadowy altar of Dithmenos.
  1938 | D:3      | HP: 1/47 [something (2)]
  2252 | D:3      | Found Ehataf's Jewellery Emporium.
  2357 | D:3      | Found an ancient bone altar of Kikubaaqudgha.
  2378 | D:3      | Reached XP level 6. HP: 33/53 MP: 8/8
  3239 | D:3      | Engulfed by a cloud of flame

Illustrated notes

Levels and vault maps discovered:
D:1:      minmay_arrival_glassed_features, layout_basic, serial_shops, shop,
          chequers_decorated_corner, kennysheep_flooded_box, minmay_pentomino_s2
D:2:      layout_basic, serial_shops, nicolae_shop_window_shopping,
          serial_park_tiny_1, minmay_tripent
D:3:      layout_loops_ring, chei_slow_surprise,
          chequers_temple_overflow_statue_of_worship,
          nicolae_kikubaaqudgha_miasma_corner, mainiacjoe_overflow_24_doors,
          gammafunk_temple_overflow_elements, serial_shops, shop,
          lemuel_flame_loot_1, uniq_robin, uniq_terence

Skill      XL: |  1  2  3  4  5  6 |
---------------+-------------------+-----
Short Blades   | 1 |  1.9
Long Blades    | 1 |  1.9
Maces & Flails | 1 |  1.9
Polearms       | 1 |  1.9
Staves         | 1 |  1.9
Slings         | 1 |  1.9
Bows           | 1 |  1.9
Crossbows      | 1 |  1.9
Throwing       | 1 |  1.9
Dodging        | 1 |  1.9
Stealth        | 1 |  1.9
Unarmed Combat | 1 |  1.9
Spellcasting   | 1 |  1.9
Invocations    | 1 2 |  2.1
Evocations     | 1 |  1.9
Conjurations   | 1 |  1.5
Hexes          | 1 |  1.5
Summonings     | 1 |  1.5
Necromancy     | 1 |  1.5
Translocations | 1 |  1.5
Transmutations | 1 |  1.5
Fire Magic     | 1 |  1.5
Ice Magic      | 1 |  1.5
Air Magic      | 1 |  1.5
Earth Magic    | 1 |  1.5
Poison Magic   | 1 |  1.5
Fighting       | |  6.8
Axes           | |  4.9
Armour         | |  6.8
Shields        | |  6.8

Action                   |  1- 3 |  4- 6 || total
-------------------------+-------+-------++-------
Melee: Whip              |    65 |   187 ||   252
       Bite              |    10 |    21 ||    31
       War axe           |     2 |       ||     2
  Use: Potion            |       |     1 ||     1
Armor: Scale mail        |    26 |   112 ||   138
Dodge: Dodged            |    23 |    95 ||   118
Block: Buckler           |    24 |    54 ||    78
